 Dungeon Crawl Stone Soup version 0.23.2-1-ga50397a (webtiles) character file.

Game seed: 11135214951134338413

8001 arctice the Basher (level 11, -6/58 HPs)
             Began as a Vine Stalker Fighter on Apr 14, 2019.
             Was a Follower of Ru.
             Killed from afar by Fannar (14 damage)
             ... with a bolt of cold
             ... on level 10 of the Dungeon.
             The game lasted 00:21:51 (7993 turns).

arctice the Basher (Vine Stalker Fighter)           Turns: 7993, Time: 00:21:52

Health: -6/58      AC: 13    Str: 22    XL:     11   Next: 24%
Magic:  0/15       EV:  8    Int: 10    God:    Ru [*.....]
Gold:   471        SH: 11    Dex: 18    Spells: 10/10 levels left

rFire    . . .     SeeInvis .   H - +1 flail (venom)
rCold    . . .     Gourm    +   c - +0 shield
rNeg     + . .     Faith    .   A - +0 scale mail {MR+}
rPois    +         Spirit   +   (no helmet)
rElec    .         Reflect  .   n - +1 cloak {MR+}
rCorr    .         Harm     .   g - +0 pair of gloves
MR       +++..     NoTele   +   (no boots)
Stlth    ++........             y - amulet of the gourmand
HPRegen  0.59/turn              m - +2 ring of protection
MPRegen  0.14/turn              C - ring "Omicsaop" {-Tele rPois rN+ Int+2 Dex+4}

@: no potions
A: fangs 3, regeneration 1, magic shield, antimagic bite, no potion heal 3, rot
immunity, inability to drink while threatened
a: Renounce Religion


You were on level 10 of the Dungeon.
You worshipped Ru.
Ru was aware of your devotion.
You were completely stuffed.

You visited 2 branches of the dungeon, and saw 11 of its levels.

You collected 471 gold pieces.

Inventory:

Hand Weapons
 H - a +1 flail of venom (weapon)
Missiles
 I - 2 tomahawks (quivered)
Armour
 c - a +0 shield (worn)
 g - a +0 pair of gloves (worn)
 n - a +1 cloak of magic resistance (worn)
 A - a +0 scale mail of magic resistance (worn)
Jewellery
 m - a +2 ring of protection (left hand)
 p - an uncursed ring of resist corrosion
 y - an amulet of the gourmand (around neck)
 C - the ring "Omicsaop" (right hand) {-Tele rPois rN+ Int+2 Dex+4}
   (You found it on level 5 of the Dungeon)

   [ring of dexterity]

   It affects your intelligence (+2).
   It affects your dexterity (+4).
   It protects you from poison.
   It protects you from negative energy.
   It prevents most forms of teleportation.
Wands
 a - a wand of scattershot (2)
 r - a wand of random effects (14)
 s - a wand of clouds (3)
 D - a wand of digging (6)
Scrolls
 e - 2 scrolls of amnesia
 h - 2 scrolls of blinking
 i - 2 scrolls of identify
 j - 5 scrolls of teleportation
 k - 4 scrolls of remove curse
 l - 5 scrolls of enchant weapon
 u - 3 scrolls of enchant armour
 w - 2 scrolls of magic mapping
 z - a scroll of fog {unknown}
 J - a scroll of silence {unknown}
Potions
 d - 3 potions of might
 o - a potion of degeneration {unknown}
 q - 2 potions of mutation {unknown}
 t - a potion of curing
 v - 2 potions of cancellation {unknown}
 x - 2 potions of agility
 B - 2 potions of magic {unknown}
 E - 2 potions of brilliance {unknown}
 F - a potion of haste
 G - 2 potions of berserk rage {unknown}
 K - a potion of ambrosia {unknown}
Comestibles
 b - 20 chunks of flesh
 f - 11 rations


   Skills:
 + Level 7.1 Fighting
 * Level 9.3 Maces & Flails
 + Level 6.3 Armour
 - Level 6.0 Stealth
 + Level 7.0 Shields
 - Level 4.1 Evocations


You had 10 spell levels left.
You didn't know any spells.
Your spell library contained the following spells:

 Spells                   Type           Power        Failure   Level  Hunger
 Infusion                 Chrm           #...         95%         1    ##.....
 Magic Dart               Conj           #...         95%         1    ##.....
 Blink                    Tloc           N/A          98%         2    ###....
 Call Imp                 Summ           #.......     98%         2    ###....
 Shroud of Golubria       Chrm/Tloc      #.........   98%         2    ###....
 Slow                     Hex            #.......     98%         2    ###....
 Song of Slaying          Chrm           #.......     98%         2    ###....
 Conjure Flame            Conj/Fire      #.......     100%        3    ####...
 Mephitic Cloud           Conj/Pois/Air  #.......     100%        3    ####...
 Regeneration             Chrm/Necr      #.........   100%        3    ####...
 Spectral Weapon          Hex/Chrm       #.......     100%        3    ####...


Dungeon Overview and Level Annotations

Branches:
Dungeon (10/15)            Temple (1/1) D:7             Orc (0/2) D:10
   Lair: D:8-11

Altars:
Ashenzari
Cheibriados
Dithmenos
Elyvilon
Fedhas
Gozag
Hepliaklqana
Makhleb
Nemelex Xobeh
Okawaru
Qazlal
Ru
Sif Muna
Trog
Uskayaw
Vehumet
Wu Jian
Xom
Yredelemnul
Zin
The Shining One

Annotations:
D:7 2 transporters
D:10 Fannar


Innate Abilities, Weirdness & Mutations

You have razor-sharp teeth.
Your natural rate of healing is unusually fast.
When hurt, damage is shared between your health and your magic reserves.
Your bite disrupts and absorbs the magic of your enemies.
Potions cannot restore your health.
You are immune to rotting.
You cannot drink potions while threatened.


Message History

The bullfrog skeleton hits you but does no damage.
You block the porcupine's attack.
You block the bullfrog skeleton's attack.
You barely miss the porcupine. Your bite misses the porcupine.
The porcupine is severely wounded.
The bullfrog skeleton hits you but does no damage.
You block the porcupine's attack.
Fannar begins to cast a spell, but is stunned by your will!
Fannar mumbles some strange words.
Fannar drains the heat from the surrounding environment!
You feel very cold.
* * * LOW HITPOINT WARNING * * *
Fannar and the bullfrog skeleton are frozen.
Fannar resists.
The bullfrog skeleton resists.
Fannar hits you but does no damage.
You block the bullfrog skeleton's attack.
Found a robe.
Fannar casts a spell at you. The bolt of cold hits you!
You die...

###.....'....# #.. #.......#....#
#.. #.......#....# .#.#
#+##....#..)T# [.+.#
.Y.#Y...####.########'###.#
...'..(....#.Y............#######
...#.......#.r..e...............#
##.#.......#...Z.........?......#
#.#########....@................
+..............................e
#....................########...
#....................#..<...# ..
#....................#......# .
.........######....#......#
.........# #.<..##'#####.
.........# #..............
.........# ######.........


You could see Fannar, a yak, a troll, a porcupine and a bullfrog skeleton.

Vanquished Creatures
  Erica (D:8)
  2 two-headed ogres
  A hornet (D:8)
  A hippogriff (D:7)
  A wraith (D:10)
  8 yaks (D:10)
  A wyvern (D:8)
  Menkaure (D:6)
  2 water moccasins
  Edmund (D:6)
  A porcupine (D:10)
  4 orc warriors
  2 phantoms
  A black bear (D:10)
  4 sky beasts
  5 ogres
  7 centaurs
  3 crocodiles
  Blork the orc (D:6)
  2 big kobolds (D:5)
  4 bullfrogs
  2 scorpions
  2 howler monkeys
  3 crimson imps
  A centaur zombie (D:6)
  3 quasits
  4 orc priests
  A jelly (D:10)
  A hound (D:6)
  2 centaur skeletons
  3 iguanas
  3 orc wizards
  4 worker ants
  A hound skeleton (D:5)
  8 adders
  2 shadow imps
  2 oozes
  An adder zombie (D:6)
  An adder skeleton (D:5)
  4 worms
  6 dart slugs
  8 leopard geckos
  19 orcs
  2 ball pythons
  12 giant cockroaches
  4 goblins
  8 hobgoblins
  7 jackals
  2 quokkas
  9 bats
  7 frilled lizards
  19 kobolds
  A quokka zombie (D:7)
  6 rats
211 creatures vanquished.

Vanquished Creatures (others)
  A shadow imp (D:8)
  4 fungi (D:10)
  8 plants (D:10)
13 creatures vanquished.

Grand Total: 224 creatures vanquished

Notes
Turn   | Place    | Note
-------+----------+-------------------------------------------
     0 | D:1      | arctice the Vine Stalker Fighter began the quest for the
                  | Orb.
     0 | D:1      | Reached XP level 1. HP: 11/11 MP: 2/2
    92 | D:1      | Reached skill level 2 in Maces & Flails
   113 | D:1      | Reached XP level 2. HP: 16/16 MP: 3/3
   424 | D:1      | Reached XP level 3. HP: 10/19 MP: 2/4
  1382 | D:2      | Gained mutation: Your natural rate of healing is unusually
                  | fast. [Vine Stalker growth]
  1382 | D:2      | Reached XP level 4. HP: 22/24 MP: 5/5
  1561 | D:2      | Found a shimmering altar of Xom.
  2159 | D:3      | Noticed an ogre
  2459 | D:2      | Killed an ogre
  2459 | D:2      | Reached skill level 3 in Maces & Flails
  2459 | D:2      | Reached skill level 1 in Stealth
  2459 | D:2      | Reached XP level 5. HP: 12/28 MP: 2/6
  2981 | D:3      | Reached XP level 6. HP: 30/32 MP: 7/7
  2989 | D:3      | Reached skill level 1 in Evocations
  3423 | D:4      | You fall through a shaft!
  3423 | D:5      | Entered Level 5 of the Dungeon
  3439 | D:5      | Reached skill level 4 in Maces & Flails
  3475 | D:5      | Noticed a sky beast
  3482 | D:5      | Killed a sky beast
  3482 | D:5      | Reached XP level 7. HP: 30/37 MP: 6/9
  3483 | D:5      | Found a white marble altar of Elyvilon.
  3686 | D:5      | Found a hide-covered altar of Uskayaw.
  3755 | D:5      | Got a glittering brass ring
  3764 | D:5      | Identified the ring "Omicsaop" {-Tele rPois rN+ Int+2
                  | Dex+4} (You found it on level 5 of the Dungeon)
  3843 | D:5      | Gained mutation: You have razor-sharp teeth. [Vine Stalker
                  | growth]
  3843 | D:5      | Reached XP level 8. HP: 41/42 MP: 10/10
  4195 | D:5      | Found a shattered altar of Ashenzari.
  4399 | D:5      | Reached skill level 5 in Maces & Flails
  4914 | D:6      | Noticed Blork the orc
  4926 | D:6      | Killed Blork the orc
  4937 | D:6      | Noticed Menkaure
  4950 | D:6      | Noticed Edmund
  4971 | D:6      | Killed Edmund
  5026 | D:6      | Killed Menkaure
  5026 | D:6      | Reached XP level 9. HP: 23/46 MP: 10/12
  5027 | D:6      | Reached skill level 6 in Maces & Flails
  5027 | D:6      | Reached skill level 5 in Stealth
  5136 | D:6      | Reached skill level 5 in Fighting
  5430 | D:6      | Found an opulent altar of Gozag.
  5483 | D:7      | Found a stormy altar of Qazlal.
  5488 | D:7      | Reached skill level 5 in Shields
  5595 | D:7      | Noticed an orc sorcerer
  5609 | D:7      | Found a transporter.
  5613 | D:7      | Noticed a kobold demonologist
  5647 | D:7      | Found a transporter.
  5735 | D:7      | Found a staircase to the Ecumenical Temple.
  5745 | Temple   | Entered the Ecumenical Temple
  5807 | Temple   | Became a worshipper of Ru the Awakened
  5906 | D:7      | Found a shadowy altar of Dithmenos.
  5906 | D:7      | Noticed a two-headed ogre
  5933 | D:7      | Killed a two-headed ogre
  6010 | D:7      | Noticed a kobold demonologist
  6018 | D:7      | Reached skill level 7 in Maces & Flails
  6394 | D:8      | Reached skill level 5 in Armour
  6394 | D:8      | Reached XP level 10. HP: 38/52 MP: 10/14
  6896 | D:8      | Noticed Erica
  6968 | D:8      | Killed Erica
  6968 | D:8      | Reached skill level 8 in Maces & Flails
  7390 | D:9      | Found an ornate altar of the Wu Jian Council.
  7395 | D:9      | Noticed a two-headed ogre
  7399 | D:9      | Killed a two-headed ogre
  7417 | D:9      | Gained mutation: You cannot drink potions while threatened.
                  | [Ru sacrifice]
  7417 | D:9      | Reached * piety under Ru
  7467 | D:9      | Found a hazy altar of Hepliaklqana.
  7731 | D:10     | Entered Level 10 of the Dungeon
  7752 | D:10     | Noticed Fannar
  7787 | D:10     | Found a staircase to the Orcish Mines.
  7877 | D:10     | Reached XP level 11. HP: 53/58 MP: 15/15
  7894 | D:10     | Reached skill level 9 in Maces & Flails
  7993 | D:10     | Killed from afar by Fannar

Skill      XL: |  1  2  3  4  5  6  7  8  9 10 11 |
---------------+----------------------------------+-----
Maces & Flails | 2 3 4 5 7 8 9 |  9.3
Fighting       | 3 4 5 6 7 |  7.1
Shields        | 3 4 5 6 7 |  7.0
Armour         | 3 4 5 6 |  6.3
Stealth        | 1 2 3 4 6 |  6.0
Evocations     | 1 2 3 4 |  4.1

Action                   |  1- 3 |  4- 6 |  7- 9 | 10-12 || total
-------------------------+-------+-------+-------+-------++-------
Melee: Flail             |   104 |   142 |   279 |   242 ||   767
       Bite              |    24 |    51 |   123 |   107 ||   305
Throw: Stone             |       |    24 |    17 |     6 ||    47
       Tomahawk          |       |       |       |    17 ||    17
Invok: Sacrifice Drink   |       |       |       |     1 ||     1
  Use: Scroll            |       |       |     9 |     1 ||    10
       Potion            |       |       |       |     1 ||     1
 Stab: Sleeping          |       |       |     1 |     2 ||     3
  Eat: Chunk             |     2 |    16 |    14 |     6 ||    38
Armor: Scale mail        |    46 |    62 |   153 |    86 ||   347
Dodge: Dodged            |    30 |    35 |   116 |    65 ||   246
Block: Shield            |    52 |    61 |   163 |   151 ||   427
